 Dungeon Crawl Stone Soup version 0.23.2-40-g277498a001 (webtiles) character file.

Game seed: 10477159979582838765

1881 MalarOregon the Skirmisher (level 9, 0/69 HPs)
             Began as a Merfolk Fighter on Aug 13, 2019.
             Was an Initiate of Gozag.
             Killed by divine providence
             ... invoked by an orc priest
              (14 damage)
             ... on level 9 of the Dungeon.
             The game lasted 00:15:39 (6871 turns).

MalarOregon the Skirmisher (Merfolk Fighter)        Turns: 6871, Time: 00:15:39

Health: 0/69       AC:  9    Str: 17    XL:     9   Next: 14%
Magic:  9/9        EV: 10    Int:  9    God:    Gozag
Gold:   632        SH: 10    Dex: 14    Spells: 8/8 levels left

rFire    . . .     SeeInvis .   b - +2 dagger (venom)
rCold    . . .     Gourm    .   c - +0 shield
rNeg     . . .     Faith    .   r - +0 scale mail
rPois    .         Spirit   .   (no helmet)
rElec    .         Reflect  .   s - +0 cloak
rCorr    .         Harm     .   (no gloves)
MR       .....                  A - +0 pair of boots
Stlth    +.........             (no amulet)
HPRegen  0.21/turn              (no ring)
MPRegen  0.11/turn              (no ring)

@: about to teleport
A: change form in water, swift swim, stealthy swim
a: Potion Petition, Call Merchant, Bribe Branch, Renounce Religion


You were on level 9 of the Dungeon.
You worshipped Gozag.
Gozag was pleased with you.
You were not hungry.

You visited 1 branch of the dungeon, and saw 7 of its levels.

You collected 672 gold pieces.
You paid 40 gold pieces to Gozag.

Inventory:

Hand Weapons
 a - a +1 long sword
 b - a +2 dagger of venom (weapon)
   (You took it off an orc wizard on level 4 of the Dungeon)
 j - a +0 blowgun
   (You took it off a kobold on level 3 of the Dungeon)
Missiles
 i - 9 curare-tipped needles {!f}
Armour
 c - a +0 shield (worn)
 r - a +0 scale mail (worn)
 s - a +0 cloak (worn)
   (You found it on level 4 of the Dungeon)
 A - a +0 pair of boots (worn)
   (You found it on level 6 of the Dungeon)
Jewellery
 x - an uncursed amulet of rage {unknown}
   (You found it on level 5 of the Dungeon)
Wands
 n - a wand of enslavement (11)
   (You found it on level 4 of the Dungeon)
 t - a wand of flame (15)
   (You found it on level 4 of the Dungeon)
 y - a wand of scattershot (8)
   (You found it on level 6 of the Dungeon)
Scrolls
 f - a scroll of immolation {!r}
 g - a scroll of teleportation {@r4}
 h - a scroll of fog
 k - a scroll of magic mapping
 m - 4 scrolls of remove curse {@r2}
 u - a scroll of blinking
 v - a scroll of torment {unknown}
 D - a scroll of identify {@r1}
Potions
 d - 3 potions of flight
 l - a potion of mutation {!q}
 o - 3 potions of cancellation
 p - a potion of haste {@q3}
 q - 2 potions of brilliance
 w - a potion of curing {@q1}
 z - a potion of resistance {unknown}
 B - a potion of might
 C - a potion of heal wounds {@q2}
Comestibles
 e - 7 rations {!d}


   Skills:
 + Level 6.1 Fighting
 + Level 4.2(5.8) Short Blades
 + Level 5.6(6.2) Long Blades
 - Level 4.1 Armour
 - Level 5.1 Dodging
 - Level 4.0 Stealth
 + Level 5.5 Shields


You had 8 spell levels left.
You didn't know any spells.
Your spell library was empty.

Dungeon Overview and Level Annotations

Branches:
Dungeon (6/15)               Lair (0/6) D:9
 Temple: D:4-7

Altars:
Elyvilon
Gozag
Qazlal
Trog

Annotations:
D:2 1 runed translucent door, Crazy Yiuf


Message History

Found a stone staircase leading down.
You hit something but do no damage. Something hits you but does no damage.
Something hits you but does no damage. Something hits you! Something hits you.
Unknown command.
You block something's attack. You block the wyvern skeleton's attack.
Unknown command.
Something hits you but does no damage. Something hits you. Something hits you!
Something completely misses you.
The quokka twitches its whiskers.
The wyvern skeleton bites you but does no damage.
Unknown command.
Something hits you. You block something's attack.
Unknown command.
Something hits you. Something hits you.
An orc and an orc wizard come into view.
The orc wizard shouts!
The orc shouts!
You block something's attack. Something hits you but does no damage.
The orc moves out of view.
Unknown command.
An orc and an orc priest come into view.
The orc priest shouts!
The orc shouts!
Something hits you.
* * * LOW HITPOINT WARNING * * *
As you read the scroll of teleportation {@r4}, it crumbles to dust.
You feel strangely unstable. Something hits you!
* * * LOW HITPOINT WARNING * * *
You block something's attack. Something hits you.
* * * LOW HITPOINT WARNING * * *
A hungry ghost comes into view.
Unknown command.
Unknown command.
You hit something. Something hits you!
* * * LOW HITPOINT WARNING * * *
You hit something. You block something's attack.
The orc wizard hits you but does no damage.
The orc priest calls down the wrath of Beogh upon you.
Beogh smites you!
You die...
Your body crumbles into a pile of gold.

#####################
.......@{Zrr.........
.....oo####Y.........
......o #.......#
....o.. #r......#
....... #>r.....#
....... #Y......#
...W... #r......#
....... #r......#
#.......#


You could see a death yak, a hungry ghost, an orc priest, an orc wizard, 2 orcs,
2 quokkas and a wyvern skeleton.

Vanquished Creatures
  Maurice (D:9)
  The ghost of Jabberih the Shooter, an amateur CeAM (D:4)
  An ice beast (D:6)
  A necrophage (D:5)
  A sky beast (D:5)
  A phantom (D:5)
  A centaur (D:5)
  2 ogres
  A scorpion (D:4)
  2 jellies
  A howler monkey (D:5)
  2 hounds
  2 crimson imps (D:6)
  An orc priest (D:4)
  Jessica (D:2)
  Ijyb (D:5)
  An iguana (D:6)
  3 orc wizards (D:4)
  Terence (D:2)
  3 worker ants
  A worker ant zombie (D:6)
  A gnoll (D:1)
  A howler monkey skeleton (D:5)
  12 adders
  A river rat (D:9)
  An ooze (D:5)
  2 adder skeletons (D:4)
  2 worms
  3 dart slugs
  6 leopard geckos
  12 orcs
  A giant cockroach (D:1)
  3 goblins
  2 hobgoblins (D:2)
  4 quokkas
  3 bats
  7 frilled lizards
  8 kobolds
  A leopard gecko skeleton (D:6)
  7 rats
106 creatures vanquished.

Notes
Turn   | Place    | Note
-------+----------+-------------------------------------------
     0 | D:1      | MalarOregon the Merfolk Fighter began the quest for the
                  | Orb.
     0 | D:1      | Reached XP level 1. HP: 18/18 MP: 1/1
    62 | D:1      | Reached XP level 2. HP: 24/24 MP: 2/2
    84 | D:1      | Reached skill level 1 in Dodging
   271 | D:1      | Reached XP level 3. HP: 24/29 MP: 3/3
   405 | D:1      | Reached skill level 1 in Stealth
   653 | D:2      | Noticed Terence
   806 | D:2      | Noticed Jessica
   813 | D:2      | Killed Jessica
   833 | D:2      | Reached XP level 4. HP: 31/37 MP: 4/4
  1004 | D:2      | Found a runed translucent door.
  1005 | D:2      | Noticed Crazy Yiuf
  1989 | D:3      | Found a white marble altar of Elyvilon.
  2569 | D:3      | Found a bloodstained altar of Trog.
  2569 | D:3      | Found a stormy altar of Qazlal.
  2570 | D:3      | Found an opulent altar of Gozag.
  2577 | D:3      | Reached XP level 5. HP: 39/42 MP: 5/5
  2585 | D:3      | Became a worshipper of Gozag Ym Sagoz the Greedy
  2680 | D:2      | Killed Terence
  2680 | D:2      | Reached skill level 4 in Fighting
  3454 | D:4      | Found a transporter.
  3470 | D:4      | Reached XP level 6. HP: 41/48 MP: 6/6
  3971 | D:4      | Reached XP level 7. HP: 55/55 MP: 7/7
  4176 | D:4      | Noticed Jabberih's ghost (amateur CeAM)
  4188 | D:4      | Found a transporter.
  4360 | D:4      | Killed Jabberih's ghost
  4360 | D:4      | Reached skill level 1 in Short Blades
  4390 | D:5      | Entered Level 5 of the Dungeon
  4475 | D:5      | Noticed Ijyb
  4512 | D:5      | Killed Ijyb
  4567 | D:5      | HP: 2/55 [acid (2)]
  4936 | D:5      | Reached skill level 5 in Fighting
  4936 | D:5      | Reached XP level 8. HP: 59/62 MP: 8/8
  6009 | D:5      | Reached skill level 5 in Dodging
  6452 | D:6      | Reached skill level 5 in Shields
  6504 | D:6      | Reached skill level 5 in Long Blades
  6708 | D:6      | You fall through a shaft for 3 floors!
  6709 | D:9      | Noticed Maurice
  6733 | D:9      | Killed Maurice
  6733 | D:9      | Reached skill level 6 in Fighting
  6733 | D:9      | Reached XP level 9. HP: 59/69 MP: 9/9
  6750 | D:9      | Found a staircase to the Lair.
  6753 | D:9      | Noticed a death yak
  6753 | D:9      | Noticed a death yak
  6820 | D:9      | Noticed a death yak
  6871 | D:9      | Killed from afar by an orc priest

Skill      XL: |  1  2  3  4  5  6  7  8 |
---------------+-------------------------+-----
Dodging        | 1 2 3 4 5 |  5.1
Stealth        | 1 2 3 4 |  4.0
Long Blades    | 3 4 5 |  5.6
Fighting       | 4 5 6 |  6.1
Armour         | 3 4 |  4.1
Shields        | 4 5 |  5.5
Short Blades   | 2 4 |  4.2

Action                   |  1- 3 |  4- 6 |  7- 9 || total
-------------------------+-------+-------+-------++-------
Melee: Long sword        |    89 |   156 |   194 ||   439
       Dagger            |       |       |   121 ||   121
Invok: Potion Petition   |       |       |     1 ||     1
  Use: Potion            |     2 |     5 |       ||     7
       Scroll            |       |    13 |     3 ||    16
 Stab: Distracted        |       |       |     1 ||     1
  Eat: Chunk             |       |     6 |       ||     6
       Ration            |       |     1 |     3 ||     4
Armor: Scale mail        |    28 |    55 |   120 ||   203
Dodge: Dodged            |    24 |    49 |   110 ||   183
Block: Shield            |    45 |    93 |   124 ||   262
       Rpst.: Long sword |     8 |    15 |    24 ||    47
